Unix NetHack Version 5.0.0-0 post-release - last build May 31 2026 23:59:36 (970b52f25bf058293b47ddfd14a1e40e571c508c,branch:main).

Game began 2026-06-02 19:16:25, ended 2026-06-02 20:23:17.

DaveT, lawful male human Priest

                           ----          -----------
                          --.>--------   |......l..|
                          |..........|   |..@......|
                          |.`-----.-.|   |..fe.....|
                          |..|...|`..|   |....<....|
                          |.`.....`.-|   |.........|
                          |.......|.%|   |.....l..u|
                          |.----..--.|   |.......N.|
                          |........|.--  |.........|
                          |.---.-.....------------)|
                          |...|...-..^.........%...|
                          |.........----------------
                          -----..|.`|
                              -------

DaveT the Priest             St:17 Dx:11 Co:16 In:15 Wi:17 Ch:9  Lawful
Dlvl:6  $:0  HP:0(72) Pw:115(115) AC:-3 Xp:10 T:14020  Burdened

Latest messages:
 The hobbit shoots a gray stone!
 A gray stone misses you.
 The hobbit picks up a gray stone.
 The hobbit picks up a mummy wrapping.
 The hobbit picks up a blessed runed short sword.
 You kill the hobbit!
 There is an open door here.
 There are several objects here.
 What do you want to zap? [hoHTV or ?*] ?
 In what direction? k
 The bolt of fire hits the leprechaun!
 The bolt of fire bounces!
 The bolt of fire misses the leprechaun.
 The bolt of fire hits you!
 Your robe smoulders further!
 Your potion of water boils and explodes!
 You hit the leprechaun!
 You hit the floating eye!
 You are frozen by the floating eye's gaze!
 The tiger hits!
 The tiger hits again!
 The tiger bites!
 The tiger misses!
 The tiger misses!
 The tiger bites!
 The tiger hits!
 The tiger hits again!
 The tiger bites!
 The tiger hits!
 The tiger hits again!
 The tiger bites!
 The tiger hits!
 The tiger hits again!
 The tiger bites!
 The tiger misses!
 The tiger misses!
 The tiger misses!
 The tiger hits!
 The tiger hits again!
 The tiger bites!
 The tiger hits!
 The tiger hits again!
 The tiger bites!
 The tiger just misses!
 The tiger hits!
 The tiger misses!
 The tiger hits!
 You die...
 Do you want your possessions identified? [ynq] (y) y
 Do you want to see your attributes? [ynq] (y) q

Inventory:
 Weapons  (')')
  U - 7 blessed +1 darts
  O - 10 +0 darts
  s - the +1 Demonbane
  a - a blessed +5 mace (weapon in right hand)
 Armor    ('[')
  Z - a blessed corroded +0 orcish helm (being worn)
  v - a +0 pair of elven boots (being worn)
  y - a +0 pair of low boots
  G - a blessed +0 mummy wrapping
  b - a very burnt +0 robe (being worn)
  C - a blessed rotproof +3 gray dragon scale mail (being worn)
 Comestibles  ('%')
  e - 2 cloves of garlic
  A - 3 food rations
  f - a sprig of wolfsbane
  k - a lizard corpse
  x - 2 lizard corpses
 Rings    ('=')
  z - a ring of levitation
  X - a ring of searching
  w - a ring of stealth (on left hand)
 Wands    ('/')
  H - a wand of fire (0:6)
  h - a cursed wand of fire (1:4)
  V - a wand of light (0:11)
  T - a wand of magic missile (0:4)
  o - a wand of undead turning (0:3)
 Tools    ('(')
  F - a sack containing 24 items
  E - a brass lantern
  B - a blessed oil lamp
  I - an oil lamp
  m - a +0 pick-axe
  n - a skeleton key
  q - a +0 unicorn horn
 Gems/Stones  ('*')
  c - a flint stone

Contents of the sack:
  92 gold pieces
  a +0 dagger
  a +1 orcish dagger
  2 +0 orcish daggers
  a blessed +1 mace
  a cursed -2 pair of fumble boots
  a +0 orcish cloak
  5 scrolls of blank paper
  a scroll of earth
  a cursed scroll of earth
  3 scrolls of identify
  a cursed scroll of identify
  a scroll of light
  a cursed scroll of taming
  2 scrolls of teleportation
  a cursed scroll of teleportation
  a spellbook of chain lightning
  a spellbook of cone of cold
  a spellbook of create familiar
  a spellbook of cure blindness
  a potion of oil
  a potion of holy water
  a potion of water
  a wand of create monster (0:10)

DaveT the Priest's attributes:

Background:
 You were a Priest, level 10 human.
 You were lawful, on a mission for Quetzalcoatl
 who was opposed by Camaxtli (neutral) and Huhetotl (chaotic).
 You were right-handed.
 You were in Sokoban, on level 6.
 You entered the dungeon 14020 turns ago.
 There was a full moon in effect when your adventure ended.
 You had 7974 experience points, 2026 more were needed to attain level 11.

Basics:
 You had 0 out of 72 hit points.
 You had all 115 energy points (spell power).
 Your armor class was -3.
 Your wallet was empty, but
 you had 92 zorkmids stashed away in your pack.
 Autopickup was off.

Final Characteristics:
 Your strength was 17 (limit:18/100).
 Your dexterity was 11 (peak:12, limit:18).
 Your constitution was 16 (limit:18).
 Your intelligence was 15 (limit:18).
 Your wisdom was 17 (peak:18, limit:18).
 Your charisma was 9 (limit:18).

Final Status:
 You weren't hungry.
 You were burdened; movement was slightly slowed.
 You were wielding a mace.
 You had basic skill with mace and could have enhanced that.

Final Attributes:
 You were piously aligned.
 You were magic-protected.
 You were cold resistant.
 You were poison resistant.
 You were telepathic.
 You were stealthy.
 You were guarded.
 Your spell casting was enhanced by wearing a robe.
 You were unlucky.
 You are dead.

Miscellaneous:
 You didn't encounter any bones levels.
 Total elapsed playing time was 1 hour, 6 minutes and 51 seconds.

Major events:
 Turn
    1: DaveT the lawful human Priest entered the dungeon
  746: entered the Gnomish Mines
  758: attained the rank of Acolyte (level 3)
  933: made his first wish - "blessed rustproof +3 gray dragon scale mail", got "a blessed gray dragon scale mail"
 3675: attained the rank of Adept (level 6)
 6011: reached Mine Town
 6414: was bestowed with Demonbane by Quetzalcoatl
11702: performed his first genocide (class L)
11707: entered Sokoban
12271: completed 1st Sokoban level
12600: attained the rank of Priest (level 10)
13704: completed 2nd Sokoban level
14020: killed by a tiger, while frozen by a floating eye's gaze

Spells:
 Name                 Level Category     Fail Retention
 light                  1   clerical       0%   51%-60%
 detect monsters        1   divination     0%   26%-50%
 create familiar        6   clerical      97%   31%-40%
 cone of cold           4   attack        97%   26%-50%
 cure blindness         2   healing        0%   26%-50%
 chain lightning        2   attack         0%   26%-50%

Skills:
 Fighting Skills
   bare handed combat [Unskilled]
 Weapon Skills
   club               [Unskilled]
   mace               [Basic]
   morning star       [Unskilled]
   flail              [Unskilled]
   hammer             [Unskilled]
   quarterstaff       [Unskilled]
   polearms           [Unskilled]
   spear              [Unskilled]
   trident            [Unskilled]
   lance              [Unskilled]
   bow                [Unskilled]
   sling              [Unskilled]
   crossbow           [Unskilled]
   dart               [Unskilled]
   shuriken           [Unskilled]
   boomerang          [Unskilled]
   unicorn horn       [Unskilled]
 Spellcasting Skills
   healing spells     [Unskilled]
   divination spells  [Unskilled]
   clerical spells    [Basic]

Voluntary challenges:
 Character rerolling was not enabled.
 You genocided 4 types of monsters.
 You never polymorphed an object.
 You never changed form.
 You used 1 wish.
 You did not wish for any artifacts.
 You did not violate any of the special Sokoban rules.
Achievements:
 You entered the Gnomish Mines.
 You attained the rank of Acolyte.
 You entered a shop.
 You attained the rank of Adept.
 You entered Minetown.
 You entered a temple.
 You entered Sokoban.
 You attained the rank of Priest.

 The Dungeons of Doom: levels 1 to 8
    Level 1:
       A fountain.
    Level 2:
       A food shop, a fountain.
       Stairs down to The Gnomish Mines.
    Level 3:
       A vegetarian food shop, a fountain.
    Level 4:
       A fountain, a sink.
    Level 5: "empty vault"
       Some fountains.
    Level 6: "leprechaun & nymph"
       A fountain.
    Level 7:
       Many fountains.
    Level 8:
       Stairs up to Sokoban, level 7.
 The Gnomish Mines: levels 3 to 7
    Level 3:
    Level 4:
    Level 5:
    Level 6:
       Many shops, a temple and an altar to Quetzalcoatl, some fountains.
    Level 7:
 Sokoban: levels 7 up to 6
    Level 6: <- You were here.
       Solved.
       Final resting place for
          you, killed by a tiger, while frozen by a floating eye's gaze.
    Level 7:
       Solved.


Vanquished creatures:
  a warg
  a winter wolf
  5 small mimics
  a xan
  a tiger
  a tengu
 an ettin zombie
  a leather golem
  a chameleon
  2 giant beetles
  a quivering blob
 13 wolves
  a giant spider
  a horse
  2 black lights
  a vampire bat
  a gnome ruler
 an orc mummy
  2 dwarf mummies
  3 ogres
 an owlbear
  2 werewolves
  4 lizards
  2 dogs
  a housecat
  a jaguar
  a white unicorn
  2 dust vortices
  2 plains centaurs
  3 gnome mummies
  2 snakes
  6 apes
  3 human zombies
  a Woodland-elf
  a soldier ant
  3 fire ants
 an imp
  a quasit
 an orc shaman
  a rock piercer
  a pony
  a fog cloud
  2 yellow lights
  2 shriekers
  a violet fungus
  9 gnome leaders
  2 gnomish wizards
  3 elf zombies
  a straw golem
  a paper golem
  3 giant ants
  2 little dogs
  3 floating eyes
  3 kittens
  4 dwarves
  6 homunculi
  2 kobold leaders
  a kobold shaman
  5 hill orcs
  7 rothes
  2 rabid rats
  a giant bat
  2 dwarf zombies
  3 wererats
  a werejackal
  4 iguanas
 an acid blob
  2 coyotes
  a gas spore
  2 hobbits
  2 hobgoblins
 10 giant rats
  a cave spider
  a brown mold
  2 yellow molds
  a green mold
 33 gnomes
  8 garter snakes
  a gnome zombie
  7 geckos
 12 jackals
  2 kobolds
  3 goblins
  a sewer rat
 16 grid bugs
  a bat
  3 lichens
  2 kobold zombies
  5 newts
269 creatures vanquished.

Genocided species:
 arch-liches
 master liches
 demiliches
 liches
4 species genocided.

Game over:
                       ----------
                      /          \
                     /    REST    \
                    /      IN      \
                   /     PEACE      \
                  /                  \
                  |      DaveT       |
                  |      92 Au       |
                  |   killed by a    |
                  |      tiger       |
                  |                  |
                  |                  |
                  |       2026       |
                 *|     *  *  *      | *
        _________)/\\_//(\/(/\)/\//\/|_)_______

Goodbye DaveT the Priest...

You died in Sokoban on dungeon level 6 with 16147 points,
and 92 pieces of gold, after 14020 moves.
You were level 10 with a maximum of 72 hit points when you died.

